Map: Eternal Empire LE

Players

Vindicta

  • Race: Terran Terran
  • Spawn Location: 7:00

Hellraiser - Winner!

  • Race: Protoss Protoss
  • Spawn Location: 1:00

Event: IEM Katowice 2020

VOD

Have the link to the VOD?

Description

Time

  • Played on: Feb. 25, 2020, 11:18 a.m.
  • Length: 15:13

All games in this series

Show
View Real Time Build Order
Export as new Build Order

Vindicta Terran 

Build Orders: Reaper Expand 

Get SALT Encoding   

  12  0:00  SCV  
  13  0:12  SCV  
  14  0:17  Supply Depot  
  14  0:24  SCV  
  15  0:39  SCV, Barracks  
  16  0:43  Refinery  
  16  0:51  SCV  
  17  1:03  SCV  
  18  1:15  SCV  
  19  1:26  Reaper  
  19  1:27  Orbital Command  
  20  1:48  Command Center  
  20  1:53  SCV  
  21  1:58  Marine  
  21  2:01  Supply Depot  
  22  2:05  SCV  
  23  2:11  Factory  
  23  2:20  Barracks Reactor  
  23  2:23  SCV  
  23  2:28  Bunker  
  24  2:30  Refinery  
  24  2:35  SCV  
  25  2:47  SCV  
  26  2:54  Widow Mine  
  27  2:59  SCV, Marine x2  
  27  3:05  Orbital Command, Starport  
  30  3:11  SCV  
  31  3:16  Factory Tech Lab  
  31  3:17  Marine  
  32  3:23  SCV  
  32  3:30  SCV  
  32  3:31  Marine  
  34  3:35  SCV, Cyclone  
  34  3:41  Supply Depot  
  38  3:46  Viking  
  40  3:49  SCV  
  40  3:51  SCV  
  42  3:56  Marine  
  42  3:58  Marine  
  42  4:01  SCV  
  45  4:03  SCV  
  45  4:07  Siege Tank  
  49  4:13  SCV  
  49  4:15  SCV  
  51  4:17  Marine  
  51  4:18  Starport Tech Lab  
  51  4:21  Supply Depot  
  52  4:25  SCV  
  52  4:28  Marine  
  54  4:42  SCV x2  
  54  4:43  Raven  
  56  4:54  SCV  
  56  4:55  Command Center  
  56  4:59  SCV  
  58  5:00  Supply Depot  
  58  5:02  Marine x2  
  58  5:06  SCV  
  61  5:11  SCV  
  61  5:12  Barracks  
  61  5:15  Barracks  
  61  5:18  SCV  
  62  5:23  SCV, Supply Depot, Factory Reactor  
  62  5:27  Refinery x2  
  63  5:30  SCV  
  63  5:35  SCV  
  65  5:36  Stimpack  
  65  5:37  Starport Reactor  
  65  5:43  SCV  
  65  5:44  Engineering Bay  
  65  5:45  Engineering Bay  
  65  5:46  Supply Depot  
  65  5:47  SCV  
  65  5:50  Marauder  
  65  5:55  SCV  
  68  5:59  SCV  
  68  6:01  Widow Mine x2  
  73  6:07  SCV  
  74  6:11  SCV, Combat Shield  
  74  6:12  Orbital Command, Marauder x2  
  74  6:17  Terran Infantry Weapons Level 1  
  79  6:19  SCV, Marine x2  
  79  6:24  Medivac  
  84  6:27  SCV  
  84  6:32  Orbital Command  
  85  6:33  Marine x2  
  85  6:37  Marine  
  85  6:38  Barracks x2  
  88  6:42  SCV  
  88  6:44  Widow Mine  
  88  6:45  Widow Mine  
  93  6:47  SCV  
  93  6:51  Marauder  
  96  6:55  Supply Depot  
  96  6:57  Ghost Academy  
  96  7:01  SCV  
  96  7:02  SCV  
  96  7:05  Marine  
  99  7:09  Medivac  
  99  7:15  SCV  
  101  7:17  SCV, Medivac, Marauder, Supply Depot  
  106  7:23  Marauder, Orbital Command, Widow Mine, Marine  
  106  7:27  Barracks Reactor, Barracks Tech Lab  
  106  7:28  Marine  
  109  7:31  Terran Infantry Armor Level 1  
  109  7:37  Bunker  
  109  7:38  Ghost  
  109  7:41  Bunker  
  109  7:42  Marine  
  110  7:44  Ghost  
  110  7:46  Marine  
  113  7:57  Widow Mine  
  113  7:58  SCV  
  117  8:01  Concussive Shells  
  117  8:02  Ghost, Marine  
  117  8:04  Marine  
  121  8:07  Ghost  
  121  8:08  Marine x2  
  121  8:10  Supply Depot x2  
  121  8:11  Orbital Command  
  123  8:13  Marauder  
  125  8:20  Command Center  
  125  8:27  Supply Depot  
  125  8:31  Marine x4  
  125  8:32  SCV x2, Marauder  
  133  8:35  Marauder, Marine  
  133  8:36  Supply Depot  
  134  8:44  SCV  
  134  8:45  Liberator  
  135  8:49  SCV, Marine  
  135  8:52  Marine  
  135  8:53  Marauder  
  135  8:54  Marauder  
  141  8:57  SCV  
  141  8:58  SCV  
  141  9:01  SCV  
  141  9:02  Refinery x2  
  144  9:04  Armory, Medivac  
  146  9:11  SCV, Missile Turret  
  146  9:12  Missile Turret  
  146  9:13  SCV  
  146  9:14  Marine  
  146  9:17  Marine  
  149  9:21  Marine  
  144  9:25  Marine  
  144  9:28  Medivac  
  147  9:34  Starport  
  147  9:37  Viking  
  149  9:42  Marauder  
  151  9:46  SCV  
  151  9:50  Supply Depot, Marauder x2  
  156  9:53  Supply Depot  
  156  9:54  Terran Infantry Armor Level 2, Terran Infantry Weapons Level 2  
  156  9:56  SCV x2  
  158  10:03  Terran Ship Weapons Level 1, Marauder  
  158  10:05  Supply Depot  
  160  10:07  Viking, Unknown, Marine  
  164  10:15  Planetary Fortress  
  164  10:21  Viking  
  165  10:26  Marauder x2  
  165  10:27  Sensor Tower  
  167  10:28  Viking  
  173  10:35  Marine  
  173  10:38  Marauder  
  173  10:39  SCV x2  
  173  10:40  SCV  
  165  10:43  Viking  
  165  10:47  Enhanced Shockwaves  
  165  10:48  Marauder  
  165  10:49  Marine  
  172  10:56  Sensor Tower  
  169  10:57  Viking  
  169  11:05  Missile Turret x2  
  169  11:06  Missile Turret  
  169  11:08  Marauder  
  169  11:09  Marauder  
  169  11:11  Viking  
  175  11:13  Viking  
  177  11:19  Marauder, Marine  
  177  11:20  Viking  
  177  11:25  Marine x2  
  183  11:26  Marine  
  183  11:29  Marine x2  
  186  11:38  Marine  
  185  11:41  Marauder  
  185  11:43  Marine x2  
  187  11:47  Marine  
  187  11:48  Orbital Command, Marauder x2  
  192  11:56  Marine  
  175  12:02  Viking, Marauder  
  175  12:06  SCV  
  175  12:07  Marine x2  
  166  12:09  Marauder  
  166  12:10  Marauder  
  166  12:11  SCV  
  166  12:12  SCV  
  166  12:15  SCV  
  167  12:17  Unknown  
  163  12:24  Marauder  
  163  12:26  Viking  
  163  12:27  SCV x3  
  169  12:30  Marine  
  169  12:31  Marauder  
  169  12:36  Marine  
  169  12:37  Marauder  
  169  12:39  SCV  
  169  12:41  Viking  
  169  12:42  SCV  
  172  12:47  Medivac  
  172  12:49  Medivac  
  172  12:51  Marauder, Marine  
  177  12:56  Marauder  
  173  13:04  Orbital Command  
  152  13:12  SCV x3  
  117  13:13  Marine  
  117  13:14  Marauder, Marine x2  
  111  13:20  Marauder, Marine  
  111  13:26  Viking  
  114  13:27  Liberator  
  114  13:33  Marine  
  119  13:36  Ghost  
  119  13:38  SCV  
  119  13:39  SCV  
  123  13:42  Refinery  
  123  13:43  Ghost  
  123  13:44  Ghost  
  123  13:46  SCV  
  126  13:50  SCV, Liberator  
  126  13:55  Marine x2  
  129  13:59  Marine x2  
  129  14:01  SCV  
  134  14:04  Ghost  
  136  14:12  Marine, Liberator  
  136  14:13  Marine x2  
  144  14:21  Marine  
  133  14:24  Liberator  
  133  14:28  Marine, Liberator  
  133  14:29  Ghost  
  139  14:32  Marine x2  
  139  14:35  Marine  
  139  14:37  Marine  
  146  14:42  Marine  
  147  14:46  Marine  
  147  14:50  Marine  
  147  14:52  Marine, Factory Tech Lab  
  150  14:54  Marine  
Show
View Real Time Build Order
Export as new Build Order

Hellraiser Protoss - Winner!

Build Orders: 1 Gate Expand, Zealot Archon 

Get SALT Encoding   

  12  0:00  Probe  
  13  0:13  Probe  
  14  0:17  Pylon  
  14  0:25  Probe (Chrono Boost)  
  15  0:36  Gateway  
  15  0:37  Probe (Chrono Boost)  
  16  0:43  Probe (Chrono Boost)  
  16  0:45  Assimilator  
  17  0:51  Probe  
  18  1:03  Probe  
  19  1:15  Probe  
  20  1:23  Cybernetics Core  
  20  1:32  Nexus  
  20  1:35  Probe  
  21  1:42  Pylon  
  21  1:47  Probe  
  21  1:52  Assimilator  
  22  1:58  Adept (Chrono Boost)  
  22  2:00  Probe  
  25  2:03  Warp Gate  
  25  2:12  Probe  
  26  2:18  Stalker (Chrono Boost)  
  28  2:24  Probe  
  29  2:36  Probe (Chrono Boost)  
  30  2:44  Stalker  
  30  2:45  Pylon  
  33  2:52  Robotics Facility  
  33  2:53  Probe (Chrono Boost)  
  33  2:58  Probe (Chrono Boost)  
  33  3:02  Probe (Chrono Boost)  
  34  3:11  Probe (Chrono Boost)  
  35  3:14  Probe (Chrono Boost)  
  37  3:20  Gateway  
  37  3:22  Probe (Chrono Boost)  
  37  3:23  Probe (Chrono Boost)  
  37  3:25  Gateway  
  38  3:29  Probe  
  38  3:31  Probe  
  40  3:40  Warp Prism (Chrono Boost)  
  42  3:43  Probe  
  42  3:45  Probe  
  44  3:52  Stalker  
  44  3:55  Probe  
  47  3:57  Probe, Pylon  
  48  4:07  Probe, Observer (Chrono Boost)  
  48  4:09  Probe  
  51  4:20  Probe  
  51  4:22  Nexus  
  51  4:23  Pylon  
  52  4:25  Probe  
  52  4:28  Observer  
  54  4:32  Probe  
  54  4:37  Probe  
  56  4:41  Twilight Council  
  56  4:42  Stalker, Forge  
  58  4:46  Probe  
  58  4:49  Probe  
  60  4:54  Assimilator  
  60  4:55  Observer  
  62  5:00  Probe  
  62  5:01  Protoss Ground Armor Level 1 (Chrono Boost)  
  62  5:05  Charge (Chrono Boost)  
  62  5:06  Probe  
  63  5:09  Pylon  
  63  5:14  Probe  
  64  5:19  Probe  
  65  5:24  Gateway  
  65  5:25  Gateway  
  65  5:28  Probe, Gateway  
  66  5:30  Gateway  
  66  5:31  Probe  
  66  5:32  Observer  
  67  5:38  Stalker  
  67  5:39  Probe  
  67  5:40  Probe  
  70  5:44  Probe  
  71  5:50  Gateway  
  71  5:51  Probe  
  71  5:52  Probe, Templar Archives  
  71  5:53  Sentry  
  71  5:55  Pylon  
  76  5:57  Probe  
  76  5:59  Zealot  
  76  6:01  Zealot  
  76  6:03  Probe  
  81  6:04  Probe  
  81  6:09  Probe  
  83  6:15  Probe  
  83  6:16  Probe, Pylon x2  
  83  6:18  Assimilator  
  85  6:20  Forge  
  85  6:21  Probe  
  85  6:22  Assimilator  
  85  6:24  Zealot x3  
  92  6:27  Probe  
  93  6:36  Warp Prism (Chrono Boost)  
  95  6:41  Zealot x2  
  95  6:42  Zealot x2  
  101  6:48  Pylon  
  100  6:54  Zealot x2, High Templar x2  
  100  6:55  Protoss Ground Armor Level 2 (Chrono Boost)  
  100  6:59  Archon  
  100  7:00  Protoss Ground Weapons Level 1 (Chrono Boost)  
  106  7:03  Immortal (Chrono Boost)  
  106  7:07  Pylon  
  110  7:10  Zealot x3  
  110  7:11  Zealot  
  118  7:16  Blink  
  118  7:19  Zealot x2  
  122  7:27  Zealot x2  
  126  7:30  Zealot x2  
  126  7:31  Zealot  
  126  7:34  Pylon  
  132  7:38  Zealot  
  132  7:41  Psionic Storm  
  132  7:47  Probe  
  132  7:48  Probe  
  132  7:49  Nexus  
  130  7:54  High Templar x2  
  134  8:07  Probe, High Templar  
  134  8:08  Probe x2  
  139  8:15  Zealot  
  139  8:17  Pylon  
  139  8:18  Pylon  
  141  8:31  Nexus  
  141  8:33  Pylon  
  141  8:35  Probe  
  141  8:36  Stalker x5  
  141  8:37  Stalker, Pylon  
  141  8:38  Pylon  
  154  8:51  Unknown  
  154  8:54  Probe x2  
  156  8:56  Probe  
  156  8:57  Photon Cannon  
  156  8:58  Protoss Ground Weapons Level 2 (Chrono Boost)  
  156  8:59  Pylon  
  157  9:02  Pylon  
  157  9:03  High Templar  
  157  9:04  Assimilator  
  157  9:08  Immortal (Chrono Boost)  
  157  9:09  Robotics Bay, Robotics Facility  
  159  9:12  Probe  
  164  9:24  Stalker x3  
  164  9:25  Zealot x2  
  164  9:30  Probe x2  
  174  9:40  Photon Cannon  
  174  9:41  Protoss Ground Armor Level 3 (Chrono Boost)  
  174  9:45  Photon Cannon  
  174  9:46  High Templar x2  
  174  9:47  Zealot x2  
  174  9:48  Shield Battery  
  174  9:51  Archon  
  188  10:07  Colossus (Chrono Boost)  
  188  10:10  Warp Prism (Chrono Boost), Zealot  
  188  10:23  Extended Thermal Lance  
  188  10:24  Nexus  
  188  10:25  Pylon  
  188  10:27  Sentry  
  189  10:30  Stalker  
  189  10:33  Colossus (Chrono Boost)  
  195  10:36  Probe  
  195  10:38  Probe x2  
  195  10:39  Stalker  
  200  10:46  Dark Shrine  
  200  10:52  Probe  
  200  11:06  Protoss Shields Level 1 (Chrono Boost)  
  200  11:09  Gateway  
  200  11:10  Gateway  
  200  11:11  Photon Cannon  
  200  11:12  Photon Cannon, Gateway  
  200  11:13  Shield Battery  
  200  11:15  Pylon, Gateway  
  194  11:44  Colossus (Chrono Boost)  
  198  11:59  Protoss Ground Weapons Level 3 (Chrono Boost)  
  198  12:00  Colossus (Chrono Boost)  
  182  12:03  Gravitic Drive  
  182  12:05  Stalker x4, Zealot x3  
  182  12:06  Zealot x3  
  194  12:19  Zealot x2  
  194  12:21  Shadow Stride  
  194  12:22  Probe x5  
  189  12:34  Probe x5  
  189  12:36  Zealot x8  
  195  12:38  Disruptor (Chrono Boost)  
  179  12:44  Disruptor (Chrono Boost)  
  179  12:47  Zealot x4  
  190  12:56  Zealot  
  190  12:57  Zealot x5  
  198  13:05  Zealot x2  
  174  13:07  Disruptor (Chrono Boost)  
  174  13:10  Zealot x4  
  157  13:15  Probe  
  154  13:21  Probe x3  
  154  13:24  Unknown  
  153  13:28  High Templar x8  
  175  13:34  Colossus (Chrono Boost)  
  175  13:35  Archon x2  
  175  13:36  Archon x2  
  175  13:37  Stalker x4  
  183  13:46  Colossus (Chrono Boost)  
  189  13:53  Pylon, Assimilator  
  189  13:57  Nexus  
  189  13:58  Assimilator  
  189  14:00  Pylon  
  189  14:08  Colossus (Chrono Boost)  
  183  14:25  Zealot x9  
  199  14:40  Stalker  
  198  14:54  Stalker  

Tags
 
Add a new tag
Caveats
  • Supply blocks, unpowered buildings, or Contaminate may cause inaccurate times.
  • Supply counts are checked every 10 seconds.